AoeStats
← 唐伯虎点蚊香

Black Forest

508335363Analyzed
4v4 RM · 10d ago on Sep 22, 2026· 65m 30s· 8 players
Game mode
Random Map
Map size
Large (8 player)
Population
200
Speed
Normal
Resources
Standard
Victory
Conquest
Starting age
Dark Age
Ending age
Imperial Age
RankedLock teamsTeams togetherTeam positionsShared explorationLock speedFull tech treeHidden civsTurbo modeCheats
Victory
Defeat
🇦🇺 Italians · Australia
863
+8
🇺🇸 Malians · United States
774
+11
🇺🇸 Japanese · United States
758
+12
🇵🇪 Franks · Peru
611
+19
🇬🇧 Georgians · United Kingdom
701
-14
🇨🇳 Byzantines · China
679
-13
🇲🇽 Persians · Mexico
656
-12
🇺🇸 Romans · United States
635
-11
oneal321
3:08 Loom
21:47 Feudal Age
23:47 Wheelbarrow
23:04 Double-Bit Axe
23:05 Horse Collar
28:16 Castle Age
26:25 Scale Mail Armor
26:18 Fletching
26:40 Forging
26:52 Man-at-Arms
28:54 Scale Barding Armor
30:35 Caravan
31:04 Squires
30:26 Long Swordsman
30:30 Elite Skirmisher
31:36 Bow Saw
32:55 Bodkin Arrow
33:05 Padded Archer Armor
33:23 Chain Mail Armor
33:29 Hand Cart
34:47 Heavy Plow
35:29 Fortified Wall
35:43 Ballistics
35:20 Murder Holes
37:23 Iron Casting
37:11 Chain Barding Armor
37:51 Masonry
40:51 Imperial Age
38:15 Pikeman
40:40 Ballistas
43:40 Chemistry
42:15 Legionary
45:45 Heavy Scorpion
47:40 Conscription
49:14 Halberdier
54:09 Blast Furnace
53:26 Leather Archer Armor
53:48 Plate Barding Armor
Nova_Kovic
0:28 Loom
13:53 Feudal Age
14:20 Double-Bit Axe
14:20 Horse Collar
18:08 Gold Mining
22:54 Castle Age
21:49 Stone Mining
22:14 Scale Barding Armor
22:19 Forging
22:02 Fletching
23:49 Bow Saw
25:27 Stone Shaft Mining
26:33 Heavy Plow
28:16 Wheelbarrow
28:41 Bloodlines
27:56 Light Cavalry
28:48 Bodkin Arrow
29:07 Fortified Wall
30:50 Treadmill Crane
33:03 Ballistics
33:06 Svan Towers
33:00 Guard Tower
33:53 Elite Skirmisher
34:52 Masonry
38:30 Imperial Age
37:56 Chain Barding Armor
38:12 Iron Casting
39:40 Bracer
40:19 Keep
39:30 Arrowslits
40:45 Chemistry
41:10 Hand Cart
41:31 Architecture
41:41 Plate Barding Armor
41:32 Conscription
42:04 Crop Rotation
42:13 Aznauri Cavalry
42:02 Cavalier
42:44 Husbandry
42:10 Pikeman
42:51 Squires
42:37 Arson
44:20 Hussar
45:52 Elite Monaspa
46:50 Guilds
46:42 Caravan
48:42 Heavy Scorpion
49:31 Siege Engineers
49:22 Murder Holes
50:32 Blast Furnace
49:32 Scale Mail Armor
49:33 Padded Archer Armor
49:36 Capped Ram
51:24 Town Watch
51:07 Halberdier
52:12 Chain Mail Armor
55:07 Hoardings
millo_emi
0:28 Loom
10:43 Feudal Age
12:01 Wheelbarrow
11:08 Horse Collar
11:16 Double-Bit Axe
11:23 Town Watch
12:40 Gold Mining
15:58 Stone Mining
26:58 Castle Age
27:49 Hand Cart
27:51 Town Patrol
28:33 Stone Shaft Mining
28:34 Gold Shaft Mining
28:19 Bow Saw
32:22 Kamandaran
35:58 Thumb Ring
35:13 Crossbowman
38:50 Heavy Plow
39:02 Scale Barding Armor
38:58 Scale Mail Armor
38:49 Fletching
39:08 Caravan
42:51 Chain Mail Armor
42:47 Forging
42:32 Bodkin Arrow
42:37 Padded Archer Armor
44:05 Elite Skirmisher
49:32 Parthian Tactics
50:42 Iron Casting
50:23 Leather Archer Armor
50:34 Masonry
50:19 Murder Holes
50:17 Heated Shot
唐伯虎点蚊香
14:23 Feudal Age
20:30 Castle Age
22:40 Horse Collar
22:50 Double-Bit Axe
30:39 Pikeman
31:24 Heavy Plow
31:53 Elite Skirmisher
32:38 Squires
33:54 Thumb Ring
36:03 Fletching
36:14 Padded Archer Armor
39:44 Imperial Age
37:02 Loom
37:53 Wheelbarrow
37:21 Bodkin Arrow
37:41 Leather Archer Armor
39:15 Forging
39:06 Scale Mail Armor
39:45 Ballistics
39:07 Treadmill Crane
39:22 Murder Holes
39:48 Hand Cart
41:36 Chemistry
41:18 Hoardings
40:55 Bracer
41:25 Ring Archer Armor
41:31 Iron Casting
40:54 Gold Mining
40:54 Stone Mining
43:29 Crop Rotation
44:13 Ring Archer Armor
43:49 Scale Barding Armor
43:12 Halberdier
45:54 Elite Cataphract
46:46 Logistica
47:20 Chain Barding Armor
47:16 Chain Mail Armor
48:33 Conscription
49:28 Plate Barding Armor
54:39 Husbandry
57:23 Heavy Camel Rider
E10byducks
1:02 Loom
14:24 Feudal Age
14:54 Double-Bit Axe
14:53 Fishing Lines
23:22 Castle Age
21:27 Fletching
22:50 Gold Mining
24:13 Gillnets
25:02 Bow Saw
26:43 Bodkin Arrow
28:42 Wheelbarrow
28:45 Stone Mining
30:02 Scale Mail Armor
30:13 Forging
31:37 Ballistics
31:18 Guard Tower
34:58 Imperial Age
32:37 Caravan
32:22 Treadmill Crane
32:12 Pikeman
32:17 Elite Skirmisher
33:47 Chain Mail Armor
35:08 Gold Shaft Mining
34:40 Squires
36:06 Bracer
36:37 Plate Mail Armor
36:08 Padded Archer Armor
38:04 Chemistry
37:26 Halberdier
38:45 Iron Casting
39:25 Coinage
40:18 Two-Man Saw
40:32 Siege Engineers
40:40 Masonry
41:46 Arrowslits
42:37 Keep
43:08 Conscription
43:11 Kataparuto
42:52 Yasama
45:11 Murder Holes
45:27 Fortified Wall
46:16 Banking
50:11 Elite Samurai
51:27 Hoardings
57:21 Blast Furnace
56:37 Leather Archer Armor
57:31 Capped Ram
58:12 Onager
The HypnoToad
0:51 Loom
13:57 Feudal Age
15:44 Double-Bit Axe
17:16 Horse Collar
18:20 Gold Mining
19:11 Wheelbarrow
21:28 Castle Age
20:08 Stone Mining
23:16 Hand Cart
23:20 Fletching
24:59 Heavy Plow
28:49 Bow Saw
30:07 Bodkin Arrow
35:12 Imperial Age
32:32 Town Watch
35:12 Tigui
35:22 Scale Barding Armor
35:28 Forging
36:16 Block Printing
36:45 Husbandry
36:55 Bloodlines
37:07 Chain Barding Armor
36:50 Farimba
38:57 Plate Barding Armor
38:58 Iron Casting
37:47 Cavalier
37:52 Light Cavalry
37:53 Heavy Camel Rider
38:55 Conscription
41:15 Town Patrol
58:27 Crop Rotation
58:36 Gold Shaft Mining
Call of Silence
10:37 Feudal Age
16:10 Castle Age
13:53 Horse Collar
15:02 Double-Bit Axe
17:24 Bow Saw
17:52 Stone Mining
21:24 Wheelbarrow
20:35 Loom
21:55 Silk Road
22:33 Caravan
27:19 Fishing Lines
27:43 Fletching
27:54 Padded Archer Armor
29:14 Coinage
29:11 Treadmill Crane
29:57 Ballistics
30:41 Hand Cart
32:42 Stone Shaft Mining
31:58 Gold Mining
32:36 Masonry
32:22 Murder Holes
32:25 Bodkin Arrow
32:46 Leather Archer Armor
34:12 Thumb Ring
34:16 Gillnets
34:28 Town Watch
38:35 Imperial Age
37:23 Forging
37:13 Scale Mail Armor
38:16 Town Patrol
39:39 Conscription
38:40 Elite Genoese Crossbowman
39:55 Hoardings
39:33 Pirotechnia
40:27 Chemistry
41:00 Banking
40:40 Guilds
42:21 Two-Man Saw
41:28 Heavy Plow
42:24 Bracer
42:55 Ring Archer Armor
43:00 Iron Casting
42:40 Chain Mail Armor
47:45 Architecture
47:37 Bombard Tower
50:31 Blast Furnace
50:01 Plate Mail Armor
Althair
10:42 Feudal Age
12:49 Wheelbarrow
13:26 Town Watch
13:53 Gold Mining
14:20 Double-Bit Axe
17:46 Stone Mining
23:56 Castle Age
25:01 Caravan
26:28 Bow Saw
27:53 Hand Cart
31:04 Scale Barding Armor
31:10 Forging
32:38 Husbandry
32:01 Light Cavalry
33:39 Chain Barding Armor
33:55 Iron Casting
32:44 Pikeman
33:25 Squires
37:20 Town Patrol
39:18 Gold Shaft Mining
44:01 Imperial Age
44:30 Cavalier
45:55 Plate Barding Armor
45:51 Elite Throwing Axeman
46:24 Crossbowman
46:27 Elite Skirmisher
48:15 Blast Furnace
47:18 Scale Mail Armor
47:38 Fortified Wall
47:49 Ballistics
48:30 Chemistry
47:28 Murder Holes
48:55 Conscription
48:39 Chivalry
52:26 Paladin
52:38 Halberdier
53:06 Arson
54:35 Fishing Lines
56:01 #83
58:02 Siege Engineers
58:07 Careening
58:10 Masonry
Connection lost

Rejoining the realm…

Still unreachable

The connection could not be restored.

Session expired

The server has moved on; the page needs a fresh start.